 Dungeon Crawl Stone Soup version 0.20.1-1-g8b1a95d (webtiles) character file.

45159 Mgcat the Geomancer (level 14, 0/86 HPs)
             Began as a Gargoyle Earth Elementalist on Dec 23, 2017.
             Was an Elder of Sif Muna.
             Slain by a komodo dragon (9 damage)
             ... on level 6 of the Lair of Beasts on Dec 26, 2017.
             The game lasted 02:29:58 (18319 turns).

Mgcat the Geomancer (Gargoyle Earth Elementalist)  Turns: 18319, Time: 02:29:59

Health: 0/86       AC: 22    Str: 10 (13) XL:     14   Next: 31%
Magic:  1/27       EV: 14    Int: 22 (23) God:    Sif Muna [****..]
Gold:   1029       SH:  4    Dex:  8 (10) Spells: 15/32 levels left

rFire    + . .     SeeInvis .   h - +6 hand axe (elec)
rCold    + + .     Gourm    .   i - +0 buckler
rNeg     + . .     Faith    .   Q - +2 robe {rC+ rF+}
rPois    ∞         Spirit   .   H - +1 helmet
rElec    +         Reflect  .   E - +0 cloak of Compression {Int+3}
rCorr    .         Harm     .   N - +1 pair of gloves
MR       ++...                  J - +1 pair of boots
Stlth    ++........             w - amulet of regeneration
Regen    0.7/turn               p - ring of protection from magic
MPRegen  0.2/turn               T - ring of protection from cold

@: slowed, drained, very slow
A: big wings, negative energy resistance 1, electricity resistance, unbreathing,
petrification resistance, rot immunity, AC +9
a: Fly, Divine Energy, Channel Magic, Forget Spell, Renounce Religion


You were on level 6 of the Lair of Beasts.
You worshipped Sif Muna.
Sif Muna was greatly pleased with you.
You were not hungry.

You visited 3 branches of the dungeon, and saw 18 of its levels.
You also visited: Ossuary.

You collected 1121 gold pieces.
You spent 92 gold pieces at shops.

Inventory:

Hand Weapons
 h - a +6 hand axe of electrocution (weapon)
Missiles
 b - 405 stones (quivered)
Armour
 i - a +0 buckler (worn)
 E - the +0 cloak of Compression (worn) {Int+3}
   (You found it on level 4 of the Lair of Beasts)

   It affects your intelligence (+3).
 H - a +1 helmet (worn)
 J - a +1 pair of boots (worn)
 N - a +1 pair of gloves (worn)
 Q - a +2 robe of resistance (worn)
Jewellery
 p - a ring of protection from magic (left hand)
 w - an amulet of regeneration (around neck)
 T - a ring of protection from cold (right hand)
Wands
 a - a wand of acid (5/15)
 f - a wand of digging (11/24)
 t - a wand of iceblast (13/15)
 I - a wand of flame (27/48)
Scrolls
 e - a scroll of identify
 F - 5 scrolls of teleportation
 G - 2 scrolls of recharging
 Y - 2 scrolls of remove curse
Potions
 c - 3 potions of might {unknown}
 n - 2 potions of curing
 u - 3 potions of ambrosia {unknown}
 A - 2 potions of berserk rage {unknown}
 B - a potion of resistance {unknown}
 D - 10 potions of degeneration
 R - a potion of mutation {unknown}
Miscellaneous
 O - a crystal ball of energy
Comestibles
 d - 5 bread rations
 k - 15 royal jellies
 l - 13 meat rations
 r - 18 fruits


   Skills:
 + Level 9.1(8.6) Fighting
 + Level 7.1(6.6) Axes
 - Level 6.0(5.5) Armour
 + Level 7.0(6.5) Dodging
 - Level 2.1(1.7) Stealth
 - Level 5.0(4.5) Shields
 + Level 9.9(9.3) Spellcasting
 + Level 9.1(8.5) Conjurations
 + Level 2.7(2.2) Charms
 + Level 2.1(1.6) Necromancy
   Level 0.7(0.2) Transmutations
 + Level 2.6(2.2) Fire Magic
 + Level 13.0(12.4) Earth Magic
 + Level 0.4(0.0) Invocations
 - Level 5.9(5.4) Evocations


You had 15 spell levels left.
You knew the following spells:

 Your Spells              Type           Power        Failure   Level  Hunger
a - Sandblast             Erth           ######       1%          1    None
b - Stone Arrow           Conj/Erth      ######       1%          3    None
c - Lee's Rapid Deconstr  Erth           ######....   1%          5    ####...
d - Regeneration          Chrm/Necr      ###.......   9%          3    None
e - Blink                 Tloc           N/A          10%         2    None
f - Conjure Flame         Conj/Fire      ####....     1%          3    None


Dungeon Overview and Level Annotations

Branches:
Dungeon (11/15)            Temple (1/1) D:4            Lair (6/6) D:9
  Swamp (0/4) Lair:3        Snake (0/4) Lair:2        Slime (0/5) Lair:5
    Orc (0/2) D:10

Altars:
Ashenzari
Cheibriados
Dithmenos
Elyvilon
Fedhas
Gozag
Hepliaklqana
Kikubaaqudgha
Makhleb
Nemelex Xobeh
Okawaru
Qazlal
Ru
Sif Muna
Trog
Uskayaw
Vehumet
Xom
Yredelemnul
Zin
The Shining One
Jiyva

Shops:
D:5 *   D:10 (

Annotations:
Lair:1 exclusion: 2 oklob plants
Lair:5 1 runed door


Innate Abilities, Weirdness & Mutations

You are resistant to torment.
Your stone body is resilient. (AC +9)
You are immune to poison.
Your large and strong wings let you fly indefinitely.
You resist negative energy. (rN+)
You are resistant to electric shocks. (rElec)
You can survive without breathing.
You are immune to petrification.
You are immune to rotting.


Message History

The blast of sand hits the wraith.
The wraith is moderately damaged.
b - 405 stones You hear the brisk ticking of a distant clock.
You hear the slow rumble of a very distant avalanche of rocks.
The wraith barely misses you. The komodo dragon barely misses you.
The wraith hits you but does no damage.
You closely miss the wraith.
The wraith is moderately damaged.
You slash the komodo dragon!
Lightning courses through the komodo dragon!
The komodo dragon bites you! The wraith hits you but does no damage.
The komodo dragon bites you!!
* * * LOW HITPOINT WARNING * * *
Unknown command.
It was a potion of degeneration.
There was something very wrong with that liquid.
You feel weakened.
You feel dopey.
You feel clumsy. You block the wraith's attack. The komodo dragon bites you!
You die...

* *,,,,,,(.................#**
********,,*,#................P#*
,,,,** ***,***##...............**
,,,,,*****##***#....#....#.....,*
,,,,,,,,*##..,###..#.########..*,
,,,,,*,,,.P..##....### ***,.,*
*,,,,,,,,..........# **,,,,**
,,,,,*,,,......#...#*## *,,,****
,*,,,,,,,*#####.@.P#..###**,,* *
*,,,,,,,** ##Wl...PPPP,,*,*
**,,,,,,,*****#......PP..,****
**,,,,,,,,,*,*##.....P#P#**
*,,,,,,,,,,,**P.....###*#
**,,,,,,,,,,..P....#.#*
,,,,,,,,,,.W.W.......P#**********
,,,,,,,,,,............#*,*,,,,*,*
,,,,,,,,,,...........?.,,,,,,,,,,


You could see a komodo dragon and a wraith.

Vanquished Creatures
  A dire elephant (Lair:3)
  Josephine (Lair:6)
  7 hydras
  2 two-headed ogres
  An unseen horror (D:10)
  An ugly thing (D:11)
  18 elephants
  5 black mambas
  A centaur zombie (D:11)
  A torpor snail (Lair:5)
  6 spiny frogs
  A gargoyle (D:10)
  A rime drake (Lair:6)
  5 komodo dragons
  3 trolls
  3 hornets (Lair:5)
  7 hippogriffs
  6 dream sheep
  11 blink frogs
  13 spriggans
  32 yaks
  5 wraiths
  4 basilisks (Lair:5)
  10 water moccasins
  9 porcupines
  7 orc warriors
  2 ice beasts
  An eye of draining (D:11)
  4 phantoms
  3 sky beasts
  A black bear (D:9)
  5 wolves (Lair:3)
  3 boggarts (Lair:5)
  9 ogres
  12 crocodiles
  11 centaurs
  The ghost of Ymberto the Firebug, an amateur DEFE (D:3)
  16 bullfrogs
  6 big kobolds
  6 scorpions
  A water moccasin skeleton (D:8)
  6 killer bees (D:11)
  4 howler monkeys
  3 electric eels
  2 crimson imps
  2 bullfrog zombies
  4 hounds
  6 jellies
  5 orc priests
  A bullfrog skeleton (D:6)
  14 orc wizards
  4 iguanas
  5 worker ants
  A hound zombie (D:11)
  5 mummies (Ossuary)
  A worker ant zombie (D:11)
  A howler monkey skeleton (D:8)
  4 adders
  12 gnolls
  3 shadow imps
  2 adder skeletons
  5 worms
  2 dart slugs (D:1)
  5 leopard geckos
  70 orcs
  8 bats
  6 giant cockroaches
  9 goblins
  11 hobgoblins
  5 jackals
  18 kobolds
  5 quokkas
  7 frilled lizards
  2 goblin zombies (Ossuary)
  4 hobgoblin zombies (Ossuary)
  A kobold zombie (Ossuary)
  An orc zombie (Ossuary)
  A quokka skeleton (D:8)
  8 rats
  10 fungi
  6 plants
511 creatures vanquished.

Vanquished Creatures (others)
  A human (D:3)
  2 kobolds (D:9)
  51 fungi
  11 plants (Lair:3)
65 creatures vanquished.

Grand Total: 576 creatures vanquished

Notes
Turn   | Place    | Note
-------+----------+-------------------------------------------
     0 | D:1      | Mgcat the Gargoyle Earth Elementalist began the quest for the Orb.
     0 | D:1      | Reached XP level 1. HP: 10/10 MP: 3/3
   281 | D:1      | Reached XP level 2. HP: 15/15 MP: 5/5
   398 | D:1      | Reached skill level 4 in Earth Magic
  1015 | D:1      | Reached XP level 3. HP: 15/19 MP: 6/6
  1297 | D:2      | Found a blossoming altar of Fedhas.
  1398 | D:2      | Reached XP level 4. HP: 24/24 MP: 6/8
  1403 | D:2      | Reached skill level 5 in Earth Magic
  1909 | D:3      | Noticed Ymberto's ghost (amateur DEFE)
  2039 | D:3      | Reached XP level 5. HP: 23/28 MP: 8/10
  2080 | D:3      | Learned a level 3 spell: Stone Arrow
  2142 | D:3      | Killed Ymberto's ghost
  2142 | D:3      | Reached skill level 6 in Earth Magic
  2153 | D:3      | Reached XP level 6. HP: 6/32 MP: 2/12
  2546 | D:3      | Found an ancient bone altar of Kikubaaqudgha.
  2546 | D:3      | Noticed a human
  2550 | D:3      | Killed a human
  2876 | D:4      | Noticed a water moccasin
  2882 | D:4      | Killed a water moccasin
  2882 | D:4      | Reached skill level 7 in Earth Magic
  2882 | D:4      | Reached XP level 7. HP: 24/36 MP: 12/14
  3047 | D:4      | Reached skill level 5 in Spellcasting
  3241 | D:4      | Found a staircase to the Ecumenical Temple.
  3250 | Temple   | Entered the Ecumenical Temple
  3614 | D:4      | Reached skill level 8 in Earth Magic
  3759 | D:5      | Entered Level 5 of the Dungeon
  3823 | D:5      | Found an iron altar of Okawaru.
  3881 | D:5      | Reached XP level 8. HP: 23/41 MP: 10/16
  3965 | D:5      | Found a hazy altar of Hepliaklqana.
  3967 | D:5      | Found a glowing silver altar of Zin.
  4291 | D:5      | Reached skill level 9 in Earth Magic
  4348 | D:5      | Learned a level 5 spell: Lee's Rapid Deconstruction
  4365 | D:5      | Found Wuvusuph's General Store.
  4372 | D:5      | Bought 21 stones for 21 gold pieces
  4372 | D:5      | Bought a scroll of identify for 20 gold pieces
  4372 | D:5      | Bought 21 stones for 21 gold pieces
  4372 | D:5      | Bought a scroll of teleportation for 30 gold pieces
  4608 | D:6      | Found a sand-covered staircase.
  4621 | Ossuary  | Entered an ossuary
  4736 | Ossuary  | Reached skill level 1 in Conjurations
  5343 | D:6      | Reached skill level 1 in Armour
  5350 | D:6      | Reached skill level 1 in Axes
  5370 | D:6      | Reached XP level 9. HP: 42/46 MP: 8/19
  5539 | D:6      | Reached skill level 1 in Fighting
  6318 | D:7      | Reached skill level 1 in Evocations
  6469 | D:8      | Reached skill level 10 in Earth Magic
  7145 | D:8      | Reached XP level 10. HP: 56/56 MP: 6/20
  7500 | D:8      | Noticed a two-headed ogre
  7748 | D:8      | Killed a two-headed ogre
  7896 | D:8      | Found a deep blue altar of Sif Muna.
  7917 | D:8      | Became a worshipper of Sif Muna the Loreminder
  7952 | D:8      | Reached skill level 5 in Conjurations
  7990 | D:8      | Noticed a three-headed hydra
  7997 | D:8      | Killed a three-headed hydra
  8165 | D:9      | Reached XP level 11. HP: 62/62 MP: 22/22
  8188 | D:9      | Reached skill level 5 in Fighting
  8292 | D:9      | Found a staircase to the Lair.
  8304 | D:9      | Reached skill level 5 in Armour
  8427 | D:9      | Reached * piety under Sif Muna
  8863 | Lair:1   | Entered Level 1 of the Lair of Beasts
  8881 | D:10     | Entered Level 10 of the Dungeon
  9125 | D:10     | Found a staircase to the Orcish Mines.
  9211 | D:10     | Noticed a five-headed hydra
  9215 | D:10     | Killed a five-headed hydra
  9215 | D:10     | Reached skill level 11 in Earth Magic
  9374 | D:10     | Found Vadoej's Antique Weapon Shoppe.
  9374 | D:10     | Noticed a two-headed ogre
  9385 | D:10     | Killed a two-headed ogre
 10045 | D:10     | Reached ** piety under Sif Muna
 10045 | D:10     | Reached skill level 5 in Dodging
 10671 | D:11     | Reached skill level 5 in Axes
 10693 | D:11     | Noticed a red ugly thing
 10704 | D:11     | Killed a red ugly thing
 10704 | D:11     | Reached XP level 12. HP: 71/71 MP: 7/24
 10816 | D:11     | Reached skill level 1 in Shields
 12367 | Lair:1   | Noticed a six-headed hydra
 12372 | Lair:1   | Killed a six-headed hydra
 13052 | Lair:2   | Noticed a four-headed hydra
 13060 | Lair:2   | Killed a four-headed hydra
 13255 | Lair:2   | Found a staircase to the Snake Pit.
 13744 | Lair:3   | Found a staircase to the Swamp.
 13833 | Lair:3   | Reached skill level 5 in Evocations
 14023 | Lair:3   | Reached skill level 12 in Earth Magic
 14126 | Lair:3   | Reached XP level 13. HP: 53/77 MP: 5/26
 14630 | Lair:3   | Learned a level 3 spell: Regeneration
 14633 | Lair:3   | Learned a level 2 spell: Blink
 14637 | Lair:3   | Learned a level 3 spell: Conjure Flame
 14817 | Lair:3   | Reached *** piety under Sif Muna
 15073 | Lair:3   | Noticed a dire elephant
 15083 | Lair:3   | Killed a dire elephant
 15484 | Lair:4   | Reached skill level 5 in Shields
 15705 | Lair:4   | Got a brightly glowing cloak
 15716 | Lair:4   | Identified the +0 cloak of Compression {Int+3} (You found it on level 4 of the Lair of Beasts)
 16360 | Lair:5   | Reached skill level 1 in Charms
 16508 | Lair:5   | Reached **** piety under Sif Muna
 16516 | Lair:5   | Reached skill level 1 in Necromancy
 16543 | Lair:5   | Reached skill level 1 in Fire Magic
 16943 | Lair:5   | Gained mutation: Your large and strong wings let you fly indefinitely. [Gargoyle growth]
 16943 | Lair:5   | Reached XP level 14. HP: 45/84 MP: 1/27
 17232 | Lair:5   | Found a runed door.
 17233 | Lair:5   | Found a viscous altar of Jiyva.
 17234 | Lair:5   | Found a staircase to the Slime Pits.
 18217 | Lair:6   | Entered Level 6 of the Lair of Beasts
 18226 | Lair:6   | Reached skill level 13 in Earth Magic
 18289 | Lair:6   | Noticed Josephine
 18304 | Lair:6   | Killed Josephine
 18319 | Lair:6   | Slain by a komodo dragon

Skill      XL: |  1  2  3  4  5  6  7  8  9 10 11 12 13 14 |
---------------+-------------------------------------------+-----
Earth Magic    | 4 5 6 7 8 9 10 11 12 13 | 13.0
Spellcasting   | 3 4 5 6 7 8 9 |  9.9
Conjurations   | 2 4 5 6 7 8 9 |  9.1
Dodging        | 2 3 4 5 6 7 |  7.0
Armour         | 1 3 4 6 |  6.0
Axes           | 1 2 4 5 6 7 |  7.1
Fighting       | 3 4 6 7 8 9 |  9.1
Evocations     | 1 3 4 5 |  5.9
Shields        | 3 5 |  5.0
Charms         | 2 |  2.7
Necromancy     | 1 2 |  2.1
Fire Magic     | 1 2 |  2.6
Stealth        | |  2.1
Transmutations | |  0.7
Invocations    | |  0.4

Action                   |  1- 3 |  4- 6 |  7- 9 | 10-12 | 13-15 || total
-------------------------+-------+-------+-------+-------+-------++-------
Melee: Mace              |    16 |       |       |    12 |       ||    28
       Hand axe          |    82 |    84 |   279 |   722 |   474 ||  1641
 Cast: Sandblast         |     3 |    12 |    25 |       |    15 ||    55
       Stone Arrow       |       |       |    31 |    99 |    74 ||   204
       Lee's Rapid Decon |       |       |    11 |    25 |    10 ||    46
       Conjure Flame     |       |       |       |       |     1 ||     1
       Blink             |       |       |       |       |     1 ||     1
       Regeneration      |       |       |       |       |     1 ||     1
  Use: Scroll            |       |       |    13 |     5 |     9 ||    27
       Potion            |       |       |       |       |     1 ||     1
 Stab: Sleeping          |     4 |     2 |     5 |     3 |     3 ||    17
       Distracted        |       |       |       |     1 |       ||     1
  Eat: Chunk             |     2 |     4 |    16 |    28 |    16 ||    66
       Fruit             |       |       |     3 |     2 |       ||     5
Armor: Robe              |    44 |    26 |   138 |   486 |   256 ||   950
Dodge: Dodged            |    78 |    58 |   168 |   671 |   351 ||  1326
Block: Buckler           |       |       |       |    94 |   120 ||   214
